 Dungeon Crawl Stone Soup version 0.29-a0-923-g6e406bff71 (webtiles) character file.

Game seed: 8781319867949624351

287 Newt the Slasher (level 6, -14/48 HPs)
             Began as a Human Chaos Knight on July 27, 2022.
             Was a Plaything of Xom.
             Demolished by an ogre
             ... wielding a +0 giant spiked club
              (30 damage)
             ... on level 5 of the Dungeon.
             The game lasted 00:10:56 (4349 turns).

Newt the Slasher (Human Chaos Knight)               Turns: 4349, Time: 00:10:57

Health: -14/48     AC:  6    Str: 22      XL:     6   Next: 56%
Magic:  6/6        EV: 15    Int: 10 (11) God:    Xom [*.....]
Gold:   196        SH:  0    Dex:  9      Spells: 5/5 levels left

rFire   . . .      SeeInvis .   a - +0 falchion (chaos)
rCold   . . .      Faith    .   (no shield)
rNeg    + . .      Spirit   .   b - +3 leather armour
rPois   +          Reflect  .   (helmet restricted)
rElec   .          Harm     .   s - scarf {repulsion}
rCorr   .          Rampage  .   (no gloves)
Will    .....                   (no boots)
Stlth   +.........              (no amulet)
HPRegen 0.16/turn               l - +4 ring of evasion
MPRegen 0.10/turn               v - ring of Okawaru's Delight {rPois rN+ Str+4 Dex-3}

@: repel missiles
A: antennae 1, high MP 1, strong 1
a: Renounce Religion


You were on level 5 of the Dungeon.
You worshipped Xom.
You were a special plaything of Xom.
You visited 1 branch of the dungeon, and saw 5 of its levels.

You collected 196 gold pieces.

Inventory:

Hand Weapons
 a - a +0 falchion of chaos (weapon)
 e - a +3 whip
Missiles
 d - 8 poisoned darts
 j - 2 throwing nets
Armour
 b - a +3 leather armour (worn)
 s - a scarf of repulsion (worn)
Jewellery
 l - a +4 ring of evasion (left hand)
 o - a ring of flight
 v - the ring of Okawaru's Delight (right hand) {rPois rN+ Str+4 Dex-3}
   (You found it on level 4 of the Dungeon)

   [ring of poison resistance]

   Str:       It affects your strength (+4).
   Dex:       It affects your dexterity (-3).
   rPois:     It protects you from poison.
   rN:        It protects you from negative energy.
Wands
 w - a wand of iceblast (9)
Scrolls
 h - a scroll of noise {unknown}
 q - 2 scrolls of enchant armour
 r - a scroll of poison {unknown}
 t - a scroll of enchant weapon {unknown}
 u - a scroll of magic mapping {unknown}
 x - a scroll of immolation {unknown}
 y - a scroll of identify
Potions
 f - 2 potions of flight
 g - a potion of haste
 i - 2 potions of lignification
 k - a potion of magic
 m - 2 potions of attraction {unknown}
 n - a potion of brilliance {unknown}
 p - a potion of curing {unknown}
Miscellaneous
 c - a piece from Xom's chessboard (13/15) (quivered)


   Skills:
 + Level 4.0 Fighting
 + Level 5.2 Long Blades
 + Level 3.2 Armour
 + Level 2.3 Dodging


You had 5 spell levels left.
You didn't know any spells.
Your spell library contained the following spells:

 Spells                   Type           Power      Damage    Failure   Level
 Freeze                   Ice            0%         1d3       41%         1
 Magic Dart               Conj           0%         1d3       41%         1
 Call Imp                 Summ           0%         N/A       54%         2
 Static Discharge         Conj/Air       0%         3-3/arc   54%         2
 Frozen Ramparts          Ice            0%         1d2       78%         3
 Mephitic Cloud           Conj/Pois/Air  0%         N/A       78%         3
 Portal Projectile        Hex/Tloc       0%         N/A       78%         3
 Tukima's Dance           Hex            0%         N/A       78%         3
 Dispel Undead            Necr           0%         3d6       99%         4
 Hailstorm                Conj/Ice       0%         3d3       99%         4
 Ice Form                 Ice/Tmut       0%         N/A       99%         4
 Sticky Flame             Conj/Fire      0%         2d3       99%         4
 Summon Ice Beast         Ice/Summ       0%         N/A       99%         4
 Blade Hands              Tmut           0%         N/A       100%        5


Dungeon Overview and Level Annotations

Branches:
Dungeon (5/15)             Temple (0/1) D:4

Altars:
Xom


Innate Abilities, Weirdness & Mutations

You have a pair of small antennae on your head.
You have an increased reservoir of magic. (+10% MP)
Your muscles are strong. (Str +4, Int/Dex -1)


Message History

An ogre comes into view. It is wielding a +0 giant spiked club.
The ogre shouts!
Non-targeted evoke: piece from Xom's chessboard (14/15)
Press: ? - help, Q - select action, (/) - cycle Dir - look around, f - activate Look: an ogre, wielding a +0 giant spiked club You make a move on Xom's chessboard...
The ogre is outlined in light.
Unknown command.
Throw: 11 darts (poison)
Press: ? - help, Shift-Dir - straight line, f/p - ogre
Aim: an ogre, wielding a +0 giant spiked club (softly glowing, 93% to hit)
You throw a poisoned dart. The poisoned dart hits the ogre.
Throw: 10 darts (poison)
Press: ? - help, Shift-Dir - straight line, f/p - ogre
Aim: an ogre, wielding a +0 giant spiked club (softly glowing, 93% to hit)
You throw a poisoned dart. The poisoned dart hits the ogre.
Throw: 9 darts (poison)
Press: ? - help, Shift-Dir - straight line, f/p - ogre
Aim: an ogre, wielding a +0 giant spiked club (softly glowing, 93% to hit)
You throw a poisoned dart. The poisoned dart hits the ogre.
You hit the ogre.
The ogre is lightly wounded.
The ogre hits you with a +0 giant spiked club!!
Ouch! That really hurt!
* * * LOW HITPOINT WARNING * * *
Okay, then.
Okay, then.
You hit the ogre. You freeze the ogre.
The ogre is moderately wounded.
The ogre closely misses you.
You hit the ogre.
You feel better.
The ogre is moderately wounded.
You hit the ogre.
The ogre is poisoned.
The ogre is heavily wounded.
The ogre closely misses you.
You hit the ogre. You freeze the ogre.
The ogre is heavily wounded.
The ogre hits you with a +0 giant spiked club!!
Ouch! That really hurt!
You die...
Xom chuckles heartily!

#### ##..#
#...####
#......#
##..... #
##....##..#
##....@O..#
#.....##(.#
##...## ((#
#..#.##......
##.[.....#
#..
##........# .
#..##.......
#..##.#....##
##..##....###


You could see an ogre (very poisoned, corona).

Vanquished Creatures
  Crazy Yiuf (D:2)
  Jessica (D:2)
  2 iguanas
  Robin (D:2)
  4 adders
  A river rat (D:1)
  2 worms
  4 dart slugs
  5 orcs
  4 ball pythons
  7 bats
  6 endoplasms
  3 giant cockroaches
  10 goblins
  12 hobgoblins
  9 jackals
  7 kobolds
  4 quokkas
  4 frilled lizards
  2 rats
89 creatures vanquished.

Vanquished Creatures (collateral kills)
  A river rat (D:2)
  A goblin (D:2)
2 creatures vanquished.

Vanquished Creatures (others)
  A hobgoblin zombie (D:2)
  A jackal zombie (D:2)
2 creatures vanquished.

Grand Total: 93 creatures vanquished

Notes
Turn   | Place    | Note
-------+----------+-------------------------------------------
     0 | D:1      | Newt the Human Chaos Knight began the quest for the Orb.
     0 | D:1      | Reached XP level 1. HP: 18/18 MP: 1/1
    61 | D:1      | XOM: silly message
   110 | D:1      | Reached XP level 2. HP: 24/24 MP: 2/2
   145 | D:1      | XOM: silly message
   197 | D:1      | XOM: summons 3 hostile shadow creatures
   358 | D:1      | Reached XP level 3. HP: 26/29 MP: 3/3
   694 | D:1      | XOM is BORED!
   846 | D:1      | XOM: give mutation
   846 | D:1      | Gained mutation: Your spells are a little harder to cast,
                  | but a little more powerful. [Xom's grace]
   981 | D:1      | XOM: potion effect (haste)
  1033 | D:1      | Found a faded altar of an unknown god.
  1094 | D:1      | XOM: give mutations
  1094 | D:1      | Gained mutation: You are dopey. (Int -2) [Xom's mischief]
  1094 | D:1      | Gained mutation: You are clumsy. (Dex -2) [Xom's mischief]
  1094 | D:1      | Lost mutation: You are clumsy. (Dex -2) [Xom's mischief]
  1094 | D:1      | Gained mutation: You occasionally lose the ability to drink
                  | potions when taking damage. [Xom's mischief]
  1213 | D:2      | XOM: fog
  1278 | D:2      | XOM: give mutations
  1278 | D:2      | Gained mutation: You have an increased reservoir of magic.
                  | (+10% MP) [Xom's grace]
  1278 | D:2      | Gained mutation: Your system is resistant to poisons.
                  | (rPois) [Xom's grace]
  1278 | D:2      | Gained mutation: You have a pair of small antennae on your
                  | head. [Xom's grace]
  1329 | D:2      | Reached XP level 4. HP: 35/35 MP: 4/4
  1347 | D:2      | Noticed Robin
  1352 | D:2      | XOM: polymorph goblin -> river rat
  1457 | D:2      | Reached skill level 4 in Long Blades
  1968 | D:2      | Killed Robin
  1973 | D:2      | Reached XP level 5. HP: 37/41 MP: 5/5
  2234 | D:2      | Found a runed translucent door.
  2235 | D:2      | Noticed Crazy Yiuf
  2296 | D:2      | Killed Crazy Yiuf
  2331 | D:2      | Noticed Jessica
  2372 | D:2      | Killed Jessica
  2703 | D:3      | Reached XP level 6. HP: 40/48 MP: 6/6
  3213 | D:4      | XOM: give mutations
  3213 | D:4      | Lost mutation: You occasionally lose the ability to drink
                  | potions when taking damage. [Xom's mischief]
  3213 | D:4      | Lost mutation: Your system is resistant to poisons. (rPois)
                  | [Xom's mischief]
  3251 | D:4      | XOM: give mutations
  3251 | D:4      | Lost mutation: You are dopey. (Int -2) [Xom's mischief]
  3251 | D:4      | Lost mutation: Your spells are a little harder to cast, but
                  | a little more powerful. [Xom's mischief]
  3251 | D:4      | Gained mutation: You have large cloven feet. [Xom's
                  | mischief]
  3251 | D:4      | Lost mutation: You have large cloven feet. [Xom's mischief]
  3327 | D:4      | Found a staircase to the Ecumenical Temple.
  3352 | D:4      | Reached skill level 5 in Long Blades
  3366 | D:4      | XOM: 6-stop teleportation journey
  3411 | D:4      | XOM: stat loss: -1 Int (11/12)
  3656 | D:4      | Found a shimmering altar of Xom.
  3843 | D:4      | XOM: 4-stop teleportation journey
  3891 | D:4      | Identified the ring of Okawaru's Delight {rPois rN+ Str+4
                  | Dex-3}
  4198 | D:5      | Entered Level 5 of the Dungeon
  4205 | D:5      | XOM: give mutation
  4205 | D:5      | Gained mutation: Your muscles are strong. (Str +4, Int/Dex
                  | -1) [Xom's mischief]
  4340 | D:5      | Noticed an ogre
  4349 | D:5      | Demolished by an ogre

Illustrated notes

Levels and vault maps discovered:
D:1:      mrwooster_arrival_statue_3, layout_loops_corners,
          hellmonk_ecumenical_altar_prayer_group, minmay_misc_feat_columns,
          columned_hall_lemuel, solitary_fountain
D:2:      layout_rooms, uniq_jessica, uniq_robin, uniq_crazy_yiuf_cottage
D:3:      minmay_wonky_spiral, layout_basic
D:4:      layout_basic, kennysheep_mini_moat, minmay_temple_entry_offerings
D:5:      layout_cave_pools, tgw_trog, minivault_4, uniq_duvessa

Skill      XL: |  1  2  3  4  5  6 |
---------------+-------------------+-----
Long Blades    | 4 5 |  5.2
Armour         | 3 |  3.2
Dodging        | 2 |  2.3
Fighting       | 4 |  4.0

Action                   |  1- 3 |  4- 6 || total
-------------------------+-------+-------++-------
Melee: Falchion          |    95 |   233 ||   328
       Punch             |     1 |     1 ||     2
Throw: Dart              |       |     3 ||     3
Evoke: Piece from Xom's  |       |     4 ||     4
  Use: Scroll            |     1 |     6 ||     7
Armor: Leather armour    |    44 |    79 ||   123
Dodge: Dodged            |    57 |   200 ||   257

Table legend: (Time is in decaauts)
 A = Elapsed time spent in this place.
 B = Non-inter-level travel time spent in this place.
 C = Inter-level travel time spent in this place.
 D = Time resting spent in this place.
 E = Time spent auto-exploring this place.
 F = Levels seen in this place.
 G = Mean time per level.
                   A        B        C        D        E       F      G
               +--------+--------+--------+--------+--------+-----+--------+
         Total |   4360 |   4222 |    138 |    659 |   2765 |   5 |  872.0 |
       Dungeon |   4360 |   4222 |    138 |    659 |   2765 |   5 |  872.0 |
               +--------+--------+--------+--------+--------+-----+--------+

Top non-repeatable levels by time:
     D:2: 1434 daAuts
     D:1: 1259 daAuts
     D:4: 1012 daAuts
     D:3: 502 daAuts
     D:5: 151 daAuts
